 Dungeon Crawl Stone Soup version 0.22-a0-565-gfc6459a524 (webtiles) character file.

960 PikkenKukken the Skirmisher (level 7, -3/56 HPs)
             Began as a Demonspawn Fighter on June 28, 2018.
             Was a Follower of Makhleb.
             Slain by a gnoll
             ... wielding a +0 halberd
              (7 damage)
             ... on level 3 of the Dungeon.
             The game lasted 00:09:08 (4235 turns).

PikkenKukken the Skirmisher (Demonspawn Fighter)    Turns: 4235, Time: 00:09:08

Health: -3/56      AC: 13    Str: 17    XL:     7   Next: 92%
Magic:  9/9        EV:  9    Int:  9    God:    Makhleb [*.....]
Gold:   164        SH:  0    Dex: 14    Spells: 6/6 levels left

rFire    + . .     SeeInvis .   a - +0 war axe
rCold    . . .     Gourm    .   (no shield)
rNeg     . . .     Faith    .   j - +1 chain mail
rPois    .         Spirit   .   (helmet restricted)
rElec    .         Reflect  .   s - +2 cloak {MR+}
rCorr    .         Harm     .   (no gloves)
MR       +....                  (no boots)
Stlth    ..........             p - amulet of rage
HPRegen  0.18/turn              (no ring)
MPRegen  0.11/turn              (no ring)

@: about to teleport, berserk cooldown, very slightly contaminated, slowed, very
slow
A: horns 1, fire resistance 1, spiny 1, sturdy frame 1
a: Renounce Religion, Evoke Berserk Rage


You were on level 3 of the Dungeon.
You worshipped Makhleb.
Makhleb was aware of your devotion.
You were hungry.

You visited 1 branch of the dungeon, and saw 4 of its levels.

You collected 164 gold pieces.

Inventory:

Hand Weapons
 a - a +0 war axe (weapon)
Missiles
 c - 20 arrows
 g - 16 bolts
Armour
 j - a +1 chain mail (worn)
 s - a +2 cloak of magic resistance (worn)
Jewellery
 p - an amulet of rage (around neck)
Scrolls
 b - a scroll of remove curse
 h - 4 scrolls of blinking
 m - a scroll of identify
 n - a scroll of teleportation
 r - a scroll of enchant armour
Potions
 d - a potion of might
 e - a potion of lignification
 i - 3 potions of agility
 k - a potion of resistance
 l - 2 potions of magic
 q - 3 potions of curing
 t - a potion of flight {unknown}
Comestibles
 f - 7 rations
 o - 11 chunks of flesh


   Skills:
 + Level 5.1 Fighting
 + Level 4.1 Axes
 + Level 4.6 Armour
 + Level 3.5 Dodging
   Level 2.6 Shields
 + Level 3.2 Evocations


You had 6 spell levels left.
You didn't know any spells.
Your spell library was empty.

Dungeon Overview and Level Annotations

Branches:
Dungeon (4/15)
 Temple: D:4-7

Altars:
Dithmenos
Makhleb
Okawaru

Shops:
D:4 *


Innate Abilities, Weirdness & Mutations

You have a pair of small horns on your head.
Your flesh is heat resistant. (rF+)
You are partially covered in sharp spines.
Your movements are slightly less encumbered by armour. (ER -2)


Message History

The gnoll is struck by your spines. The gnoll misses you.
The gnoll completely misses you. The gnoll barely misses you.
The gnoll completely misses you.
The gnoll hits you from afar with a spear.
* * * LOW HITPOINT WARNING * * *
The gnoll barely misses you. x2; The gnoll hits you but does no damage.
Items here: )))) [[ † The gnoll hits you from afar with a halberd.
* * * LOW HITPOINT WARNING * * *
Blink to where?
Press: ? - help, Dir - move target cursor You are very lightly contaminated with residual magic.
As you read the scroll of blinking, it crumbles to dust.
Some of the chunks of flesh in your inventory have rotted away.
There is an open door here.
There is a huge open gate here.
As you read the scroll of teleportation, it crumbles to dust.
You feel strangely unstable.
The gnoll hits you from afar with a halberd!
You die...

#.#.### #####.########...........
....#.## #.)))....#.##########
####.#.## #.)#####......#
....###.#####.....##)#.##.# ###
............................ ...
≈≈≈≈≈≈≈≈≈≈≈≈≈≈)...≈≈≈≈≈≈≈≈≈≈≈≈ ≈≈
≈≈≈≈≈≈≈≈≈≈≈≈≈≈....≈≈≈≈≈≈≈≈≈≈≈≈≈≈≈
##≈≈≈≈≈≈≈≈≈≈≈≈....≈≈≈≈≈≈≈≈≈≈≈≈###
.#..............@............ #..
.#############''''#############..
......#...g#..g........#'#
......'....g..g........'.#
......#....#...........#.#
########################)#
.....g.).'.gg.gg#
....ggg#.#...g)g#
.....gg#)##'###.#


You could see 3 gnolls.

Vanquished Creatures
  Grinder (D:4)
  A hungry ghost (D:3)
  A phantom (D:4)
  A gnoll sergeant (D:3)
  2 orc priests (D:4)
  Crazy Yiuf (D:3)
  2 orc wizards (D:4)
  An iguana (D:4)
  20 gnolls
  5 adders
  2 dart slugs
  A leopard gecko (D:2)
  An orc (D:4)
  3 bats
  3 giant cockroaches
  10 goblins
  6 hobgoblins
  17 jackals
  A quokka (D:4)
  2 ball pythons
  5 frilled lizards
  4 kobolds
  4 rats
94 creatures vanquished.

Notes
Turn   | Place    | Note
-------+----------+-------------------------------------------
     0 | D:1      | PikkenKukken the Demonspawn Fighter began the quest for the Orb.
     0 | D:1      | Reached XP level 1. HP: 18/18 MP: 1/1
   341 | D:1      | Gained mutation: Your flesh is heat resistant. (rF+) [demonic ancestry]
   341 | D:1      | Reached XP level 2. HP: 24/24 MP: 2/2
   513 | D:1      | Reached skill level 1 in Dodging
   778 | D:2      | Gained mutation: Your movements are slightly less encumbered by armour. (ER -2) [demonic ancestry]
   778 | D:2      | Reached XP level 3. HP: 29/29 MP: 3/3
  1653 | D:2      | Gained mutation: You have a pair of small horns on your head. [demonic ancestry]
  1653 | D:2      | Reached XP level 4. HP: 35/35 MP: 4/4
  2046 | D:3      | Found an iron altar of Okawaru.
  2231 | D:4      | Found Fycselis's General Store.
  2232 | D:4      | Noticed Grinder
  2242 | D:4      | Killed Grinder
  2242 | D:4      | Reached skill level 4 in Fighting
  2242 | D:4      | Reached skill level 1 in Evocations
  2242 | D:4      | Reached XP level 5. HP: 42/42 MP: 4/6
  2242 | D:4      | Gained mutation: You are partially covered in sharp spines. [demonic ancestry]
  2242 | D:4      | Reached XP level 6. HP: 48/48 MP: 4/7
  2970 | D:4      | Reached XP level 7. HP: 18/55 MP: 8/8
  3340 | D:4      | Found a shadowy altar of Dithmenos.
  3340 | D:4      | Found a burning altar of Makhleb.
  3347 | D:4      | Became a worshipper of Makhleb the Destroyer
  3802 | D:3      | Found a runed door.
  3859 | D:3      | Noticed Crazy Yiuf
  3865 | D:3      | Killed Crazy Yiuf
  4055 | D:3      | Noticed a hungry ghost
  4070 | D:3      | Killed a hungry ghost
  4172 | D:3      | Reached * piety under Makhleb
  4199 | D:3      | Reached skill level 5 in Fighting
  4224 | D:3      | HP: 1/56 [gnoll/halberd (6)]
  4235 | D:3      | Slain by a gnoll

Vault maps used:
D:1:      minmay_arrival_checkered_box
D:3:      lemuel_castle_with_subvaults, first_ration, okawaru_trees_2,
          uniq_crazy_yiuf_cottage
D:4:      gammafunk_temple_overflow_pools, serial_shops, nicolae_shop_trees,
          uniq_grinder

Skill      XL: |  1  2  3  4  5  6  7 |
---------------+----------------------+-----
Axes           | 2 3 4 |  4.1
Armour         | 3 4 |  4.6
Dodging        | 1 2 3 |  3.5
Fighting       | 4 5 |  5.1
Evocations     | 1 2 3 |  3.2
Shields        | |  2.6

Action                   |  1- 3 |  4- 6 |  7- 9 || total
-------------------------+-------+-------+-------++-------
Melee: War axe           |   123 |    54 |    75 ||   252
       Headbutt          |       |     7 |    11 ||    18
 Abil: Evoke Berserk Rag |       |     2 |     2 ||     4
  Use: Scroll            |     3 |     7 |     2 ||    12
       Potion            |       |     2 |       ||     2
  Eat: Chunk             |     3 |     2 |     7 ||    12
       Ration            |       |     1 |       ||     1
Armor: Scale mail        |    17 |       |       ||    17
       Chain mail        |    64 |    28 |    46 ||   138
Dodge: Dodged            |    78 |    19 |    67 ||   164

Table legend:
 A = Spawn XP
 B = Non-spawn XP
 C = Spawn XP percentage of total XP
 D = Spawn monster count
 E = Non-spawn monster count
 F = Spawn count percentage of total count
 G = Total turns spent on level
                    A         B        C        D         E        F      G
               +---------+---------+-------+---------+---------+-------+---------
         Total |       0 |    1372 |   0.0 |       0 |      94 |   0.0 |  4235
               +---------+---------+-------+---------+---------+-------+---------
           D:1 |       0 |      40 |   0.0 |       0 |      15 |   0.0 |   771
           D:2 |       0 |      71 |   0.0 |       0 |      21 |   0.0 |  1189
           D:3 |       0 |     656 |   0.0 |       0 |      47 |   0.0 |  1232
           D:4 |       0 |     605 |   0.0 |       0 |      11 |   0.0 |  1043
               +---------+---------+-------+---------+---------+-------+---------
